 Dungeon Crawl Stone Soup version 0.17-a0-854-g4a4ba72 (console) character file.

7161 sose the Martial Artist (level 10, -2/71 HPs)
             Began as a Yellow Draconian Transmuter on Apr 28, 2015.
             Was the Champion of Cheibriados.
             Slain by a catoblepas (19 damage)
             ... on level 10 of the Dungeon.
             The game lasted 00:54:39 (11512 turns).

sose the Martial Artist (DrTm)                     Turns: 11512, Time: 00:54:40

Health: -2/71      AC:  8    Str: 30    XL:     10   Next: 86%
Magic:  13/18      EV: 10    Int: 30    God:    Cheibriados [******]
Gold:   492        SH:  0    Dex: 28    Spells: 5 memorised, 5 levels left

rFire  . . .     SeeInvis .       - Unarmed
rCold  . . .     Clarity  .     (armour unavailable)
rNeg   . . .     SustAb   .     (shield currently unavailable)
rPois  .         Gourm    .     (helmet restricted)
rElec  .         Spirit   .     G - +0 cloak
rCorr  +         Warding  .     (gloves currently unavailable)
rMut   .         Stasis   .     (no boots)
MR     +....                    (no amulet)
Stlth  ++........               D - +2 ring of strength
                                p - ring of protection from magic

@: about to teleport, blade hands, petrifying (expiring), very slow, somewhat
resistant to hostile enchantments, unstealthy
A: spit acid, acid resistance, unfitting armour, cold-blooded, AC +7
a: Spit Acid, End Transformation, Bend Time, Temporal Distortion, Slouch, Step
From Time, Renounce Religion


You were on level 10 of the Dungeon.
You worshipped Cheibriados.
Cheibriados was exalted by your worship.
You were very hungry.
You had blades for hands.
You visited 2 branches of the dungeon, and saw 11 of its levels.

You collected 492 gold pieces.

Inventory:

Hand weapons
 w - a +1 blowgun
 A - a +2 dagger of venom
Missiles
 a - 125 arrows (quivered)
 x - 59 poisoned needles
 B - 13 arrows of dispersal
 I - 15 arrows of frost
 J - 15 arrows of flame
Armour
 G - a +0 cloak (worn)
Jewellery
 p - a ring of protection from magic (left scythe-like blade)
 D - a +2 ring of strength (right scythe-like blade)
 N - an uncursed ring of wizardry {unknown}
Magical devices
 E - a wand of invisibility (3)
 F - a wand of slowing (11)
 M - a wand of frost (41)
Scrolls
 e - a scroll of enchant armour {unknown}
 i - 2 scrolls of teleportation
 n - 4 scrolls of enchant weapon
 o - 3 scrolls of immolation
 r - 9 scrolls of remove curse
 u - a scroll of amnesia
 z - a scroll of fog
 O - a scroll of summoning {unknown}
Potions
 g - a potion of haste {unknown}
 j - 2 potions of curing
 k - 2 potions of magic
 q - a potion of invisibility {unknown}
 s - 3 potions of brilliance
 t - a potion of mutation {unknown}
 v - 3 potions of might
 C - a potion of cure mutation
 H - a potion of agility {unknown}
 L - a potion of restore abilities
 P - a potion of berserk rage {unknown}
 Q - a potion of cancellation {unknown}
Books
 b - a book of Changes

   Spells                             Type                      Level
   a - Beastly Appendage              Transmutation                1
   b - Sticks to Snakes               Transmutation                2
   c - Spider Form                    Transmutation/Poison         3
   d - Ice Form                       Ice/Transmutation            4
   e - Blade Hands                    Transmutation                5
 y - a book of the Earth

   Spells                             Type                      Level
   a - Leda's Liquefaction            Hexes/Earth                  4
   b - Bolt of Magma                  Conjuration/Fire/Earth       5
   c - Statue Form                    Transmutation/Earth          6
   d - Iron Shot                      Conjuration/Earth            6
   e - Shatter                        Earth                        9
Comestibles
 c - 9 bread rations
 f - 2 meat rations
 h - 3 royal jellies
 l - 4 fruits
 K - 7 beef jerkies


   Skills:
 - Level 1.1 Fighting
 + Level 7.4 Dodging
 - Level 9.1 Unarmed Combat
 - Level 5.5 Spellcasting
 - Level 9.0 Transmutations
 - Level 6.7 Invocations


You had 5 spell levels left.
You knew the following spells:

 Your Spells              Type           Power        Failure   Level  Hunger
a - Beastly Appendage     Trmt           ######       10%         1    None
b - Sticks to Snakes      Trmt           ######....   10%         2    None
c - Spider Form           Trmt/Pois      #####.....   24%         3    None
d - Blade Hands           Trmt           ######....   32%         5    #####..
e - Ice Form              Ice/Trmt       #####...     50%         4    ###....


Dungeon Overview and Level Annotations

Branches:
Dungeon (10/15)            Temple (1/1) D:4            Lair (0/8) D:9
    Orc (0/4) D:9

Altars:
Cheibriados
Dithmenos
Elyvilon
Fedhas
Gozag
Kikubaaqudgha
Makhleb
Nemelex Xobeh
Okawaru
Qazlal
Ru
Sif Muna
Trog
Vehumet
Xom
Yredelemnul
Zin
The Shining One

Shops:
D:7 (


Innate Abilities, Weirdness & Mutations

You can spit globs of acid.
You are resistant to acid.
Your golden yellow scales are hard (AC +7).
Your body does not fit into most forms of armour.
You are cold-blooded and may be slowed by cold attacks.


Message History

As you read the scroll of teleportation, it crumbles to dust.
You feel strangely unstable.
The catoblepas breathes a plume of calcifying dust at you.
The blast of calcifying dust hits you!
* * * LOW HITPOINT WARNING * * *
Unknown command.
Drink which item? (? for menu, Esc to quit)
You feel better.
You are engulfed in calcifying dust.
You are slowing down.
The catoblepas gores you.
* * * LOW HITPOINT WARNING * * *
Unknown command.
Read which item? (? for menu, Esc to quit)
Okay, then.
Unknown command.
Drink which item? (? for menu, Esc to quit)
You feel better.
You are engulfed in calcifying dust.
Your limbs have turned to stone.
The jelly is no longer petrified.
The catoblepas gores you!!
You die...

...#+##+# ##<....# ##+#
...............P.# #...#
)................# #...#
)........P.......# #...#
...#+##+# #....# +...# ...+
+..... #...# )..#
#....######...### ...#
#...Y..J.....#..# ...+
+...@........'..# ...#
#...§........#..## ...# #.#
#...§........#...# ...+ #.#
+.....#+#......### ...#+ #.#
#.....# +......#
..##.##.###+###'###+#......####
..+ ...........(#......#'#...#
..# ......../..+......+.'...#
..##
#.####+###+#......###...###


You could see a catoblepas, an active ballistomycete and a jelly (fleeing).

Vanquished Creatures
  A hill giant (D:10)
  Joseph (D:7)
  A hill giant zombie (D:9)
  A hungry ghost (D:9)
  2 hippogriffs
  4 yaks (D:10)
  A deep elf fighter (D:9)
  Edmund (D:6)
  2 orc warriors
  4 sky beasts
  2 ice beasts
  A wasp (D:8)
  5 phantoms
  6 ogres
  A crocodile (D:9)
  An eye of draining (D:10)
  6 centaurs
  A big kobold (D:5)
  Dowan (D:5)
  5 giant frogs
  2 scorpions
  8 wights
  6 killer bees (D:9)
  2 hounds
  4 crimson imps
  2 centaur zombies
  Crazy Yiuf (D:7)
  3 orc priests
  4 jellies
  Jessica (D:2)
  3 giant frog skeletons
  5 worker ants
  2 iguanas
  6 orc wizards
  5 ogre zombies (D:9)
  3 hound skeletons
  6 adders
  3 river rats (D:9)
  3 shadow imps
  An ooze (D:3)
  4 worms
  6 giant geckos
  31 orcs
  A bat zombie (D:7)
  3 giant cockroaches
  14 goblins
  14 hobgoblins
  11 jackals
  6 quokkas
  2 ball pythons
  17 bats
  A giant gecko skeleton (D:5)
  A giant gecko zombie (D:6)
  4 giant newts
  3 goblin zombies (D:9)
  2 hobgoblin skeletons (D:9)
  3 hobgoblin zombies (D:9)
  2 jackal skeletons
  12 kobolds
  2 orc skeletons (D:9)
  9 orc zombies (D:9)
  32 rats
  4 ballistomycetes (D:10)
301 creatures vanquished.

Vanquished Creatures (collateral kills)
  Duvessa (D:5)
  An ice beast (D:5)
  A centaur (D:9)
  A centaur skeleton (D:4)
  A giant gecko (D:5)
  An orc (D:3)
  A hobgoblin (D:5)
  2 kobolds (D:4)
  A bat (D:4)
10 creatures vanquished.

Vanquished Creatures (others)
  A scorpion (D:6)
  A giant spore (D:10)
  A fungus (D:9)
3 creatures vanquished.

Grand Total: 314 creatures vanquished

Notes
Turn   | Place    | Note
--------------------------------------------------------------
     0 | D:1      | sose, the Draconian Transmuter, began the quest for the Orb.
     0 | D:1      | Reached XP level 1. HP: 16/16 MP: 3/3
   268 | D:1      | Reached XP level 2. HP: 12/23 MP: 3/5
   482 | D:1      | Found a glowing golden altar of the Shining One.
   827 | D:2      | Learned a level 2 spell: Sticks to Snakes
   973 | D:2      | Reached XP level 3. HP: 21/28 MP: 4/6
  1198 | D:2      | Noticed Jessica
  1214 | D:2      | Killed Jessica
  1214 | D:2      | Reached skill level 4 in Transmutations
  1818 | D:3      | Reached XP level 4. HP: 32/35 MP: 1/7
  2055 | D:3      | Learned a level 3 spell: Spider Form
  2133 | D:3      | Found a radiant altar of Vehumet.
  2999 | D:4      | Reached skill level 5 in Transmutations
  3459 | D:4      | Reached XP level 5. HP: 11/40 MP: 5/8
  3666 | D:4      | Noticed a moth of wrath
  3667 | D:4      | Found a bloodstained altar of Trog.
  3992 | D:4      | Found a staircase to the Ecumenical Temple.
  4000 | Temple   | Entered the Ecumenical Temple
  4082 | Temple   | Became a worshipper of Cheibriados the Contemplative
  4515 | D:5      | Entered Level 5 of the Dungeon
  4533 | D:5      | Reached skill level 6 in Transmutations
  4719 | D:5      | Acquired Cheibriados's first power
  4732 | D:5      | Reached XP level 6. HP: 47/47 MP: 9/9
  4735 | D:5      | Noticed a sky beast
  4754 | D:5      | Killed a sky beast
  4871 | D:5      | Reached skill level 7 in Transmutations
  5103 | D:5      | Noticed a centaur
  5112 | D:5      | Killed a centaur
  5174 | D:5      | Your scales start taking on a golden yellow colour.
  5174 | D:5      | Reached XP level 7. HP: 32/52 MP: 10/10
  5422 | D:5      | Noticed Duvessa
  5423 | D:5      | Noticed Dowan
  5442 | D:5      | Killed Duvessa
  5442 | D:5      | Reached skill level 8 in Transmutations
  5444 | D:5      | Killed Dowan
  5573 | D:5      | Noticed an ice beast
  5583 | D:5      | HP: 2/52 [ice beast (14)]
  5593 | D:5      | Killed an ice beast
  5593 | D:5      | Reached skill level 9 in Transmutations
  5766 | D:5      | Noticed a centaur
  5782 | D:5      | Killed a centaur
  5961 | D:5      | Reached XP level 8. HP: 59/59 MP: 11/11
  6005 | D:5      | Learned a level 5 spell: Blade Hands
  7260 | D:6      | Acquired Cheibriados's second power
  7362 | D:6      | Found a basalt altar of Yredelemnul.
  7363 | D:6      | Noticed a profane servitor
  7368 | D:6      | Found a glowing golden altar of the Shining One.
  7369 | D:6      | Noticed an angel
  7485 | D:6      | Noticed Edmund
  7489 | D:6      | Killed Edmund
  7489 | D:6      | Reached skill level 5 in Dodging
  7489 | D:6      | Reached skill level 5 in Unarmed Combat
  7867 | D:7      | Reached XP level 9. HP: 55/64 MP: 6/12
  7923 | D:7      | Noticed Crazy Yiuf
  7927 | D:7      | Killed Crazy Yiuf
  7993 | D:7      | Noticed Joseph
  8019 | D:7      | Killed Joseph
  8019 | D:7      | Acquired Cheibriados's third power
  8246 | D:7      | Found Agero's Antique Weapon Shop.
  8337 | D:7      | Found an opulent altar of Gozag.
  8837 | D:8      | Acquired Cheibriados's fourth power
  8982 | D:8      | Found a shimmering altar of Xom.
  9053 | D:8      | Learned a level 4 spell: Ice Form
  9199 | D:8      | Reached skill level 5 in Spellcasting
  9451 | D:9      | Reached XP level 10. HP: 69/71 MP: 12/18
  9842 | D:9      | Reached skill level 1 in Invocations
 10191 | D:9      | Found a staircase to the Orcish Mines.
 10326 | D:9      | Reached skill level 5 in Invocations
 10485 | D:9      | Found a staircase to the Lair.
 10663 | D:9      | You fall through a shaft!
 10663 | D:10     | Entered Level 10 of the Dungeon
 10817 | D:10     | Noticed a hill giant
 10823 | D:10     | Killed a hill giant
 11131 | D:10     | Noticed a catoblepas
 11512 | D:10     | Slain by a catoblepas

Action                   |  1- 3 |  4- 6 |  7- 9 | 10-12 || total
-------------------------+-------+-------+-------+-------++-------
Melee: Unarmed           |   118 |   326 |   318 |   199 ||   961
       Dagger            |       |       |     8 |       ||     8
 Fire: Blowgun           |       |    21 |    13 |       ||    34
 Cast: Beastly Appendage |    14 |    27 |     5 |       ||    46
       Sticks to Snakes  |     8 |     9 |    11 |     3 ||    31
       Spider Form       |       |     3 |       |       ||     3
       Blade Hands       |       |       |    25 |    17 ||    42
Invok: Temporal Distorti |       |       |       |     1 ||     1
 Abil: Spit Acid         |       |       |     5 |       ||     5
  Use: Scroll            |       |     4 |    11 |     4 ||    19
       Potion            |       |     2 |     3 |     5 ||    10
 Stab: Sleeping          |       |     1 |     2 |     2 ||     5
       Distracted        |       |       |     2 |     1 ||     3
  Eat: Chunk             |     4 |     7 |    14 |     4 ||    29
       Bread ration      |       |     1 |       |       ||     1
       Meat ration       |       |       |     1 |     1 ||     2
